 Dungeon Crawl Stone Soup version 0.20.0-10-g0535bb4 (console) character file.

266 jeanjacques the Spear-Bearer (level 6, -5/70 HPs)
             Began as a Merfolk Chaos Knight on June 4, 2017.
             Slain by Mlkhall's ghost (9 damage)
             ... on level 4 of the Dungeon.
             The game lasted 00:07:53 (893 turns).

jeanjacques the Spear-Bearer (Merfolk Chaos Knight)  Turns: 893, Time: 00:07:53

Health: -5/70      AC:  5    Str: 18    XL:     6   Next: 20%
Magic:  6/6        EV: 15    Int: 11    God:    Xom [.*....]
Gold:   105        SH:  0    Dex: 17    Spells: 5/5 levels left

rFire    . . .     SeeInvis .   a - +0 spear (chaos)
rCold    + . .     Gourm    .   (no shield)
rNeg     . . .     Faith    .   b - +2 leather armour
rPois    .         Spirit   .   (no helmet)
rElec    .         Reflect  .   (no cloak)
rCorr    .         Harm     .   (no gloves)
MR       .....                  (no boots)
Stlth    ..........             (no amulet)
Regen    0.3/turn               h - +2 ring of dexterity
MPRegen  0.1/turn               l - ring of protection from cold

@: berserking, very quick
A: change form in water, swift swim, stealthy swim
a: Renounce Religion


You were on level 4 of the Dungeon.
You worshipped Xom.
You were a plaything of Xom.
You were not hungry.

You visited 1 branch of the dungeon, and saw 5 of its levels.

You collected 105 gold pieces.

Inventory:

Hand Weapons
 a - a +0 spear of chaos (weapon)
Armour
 b - a +2 leather armour (worn)
Jewellery
 h - a +2 ring of dexterity (left hand)
 l - a ring of protection from cold (right hand)
Scrolls
 d - a scroll of enchant weapon {unknown}
 g - a scroll of teleportation {unknown}
 i - a scroll of recharging {unknown}
 j - a scroll of amnesia
 m - a scroll of remove curse {unknown}
Comestibles
 c - 2 bread rations
 f - 3 chunks of flesh {@w1}
 k - 2 fruits


   Skills:
 - Level 3.5 Fighting
 * Level 8.1 Polearms
 - Level 0.8 Armour
 + Level 5.2 Dodging


You had 5 spell levels left.
You didn't know any spells.

Dungeon Overview and Level Annotations

Branches:
Dungeon (5/15)
 Temple: D:4-7

Altars:

Annotations:
D:4 Mlkhall's ghost, amateur DsNe


Message History

* * * LOW HITPOINT WARNING * * *
You closely miss something.
Attack whom?
You reach to attack!
You attack empty space.
You miss something.
You hear some strange, mumbled words.
Pain shoots through your body!
* * * LOW HITPOINT WARNING * * *
Okay, then.
You are confused.
You feel invigorated. Something hits you.
* * * LOW HITPOINT WARNING * * *
You bump into the metal wall.
Something hits you.
* * * LOW HITPOINT WARNING * * *
You bump into the metal wall.
Something hits you.
* * * LOW HITPOINT WARNING * * *
Pain shoots through your body!
* * * LOW HITPOINT WARNING * * *
You bump into the metal wall.
Something tries to affect you, but you resist.
You bump into the metal wall.
Pain shoots through your body!
* * * LOW HITPOINT WARNING * * *
You hear some strange, mumbled words.
Pain shoots through your body!
* * * LOW HITPOINT WARNING * * *
You bump into the metal wall.
You feel less invigorated.
You feel less confused.
You hear some strange, mumbled words.
Pain shoots through your body!
* * * LOW HITPOINT WARNING * * *
A red film seems to cover your vision as you go berserk!
You feel yourself moving faster!
You feel mighty!
You completely miss something. You closely miss something. Something hits you!
* * * LOW HITPOINT WARNING * * *
You barely miss something. You miss something. You barely miss something.
You closely miss something. Something hits you!
You die...

. ##### . #.# #....
# #### #.# #.### #
..# #.# #.# # #.#
#.# #.# # #m# #.#
#.# # # #{# #.# #.#
# ###. #.# #.# #.#
.....# ..W...
#.#######.# ##.##
...### #.#
#..#.........###...#
#### #.#
#..................#
# #.#
##.#############...#
# #.# #. ### ##### #
#.# # ..# #########


There were no monsters in sight!

Vanquished Creatures
  Sigmund (D:3)
  A bullfrog skeleton (D:4)
  Jessica (D:2)
  A howler monkey skeleton (D:4)
  2 adders
  A dart slug (D:1)
  2 leopard geckos (D:1)
  3 orcs (D:4)
  A giant cockroach (D:3)
  5 goblins
  A hobgoblin (D:2)
  2 kobolds (D:2)
  4 frilled lizards
  3 rats (D:1)
28 creatures vanquished.

Notes
Turn   | Place    | Note
-------+----------+-------------------------------------------
     0 | D:1      | jeanjacques the Merfolk Chaos Knight began the quest for the Orb.
     0 | D:1      | Reached XP level 1. HP: 18/18 MP: 1/1
   236 | D:2      | Reached skill level 3 in Dodging
   236 | D:2      | Reached XP level 2. HP: 24/24 MP: 2/2
   427 | D:2      | Noticed Jessica
   463 | D:2      | XOM: potion effect (berserk rage)
   464 | D:2      | Killed Jessica
   464 | D:2      | Reached skill level 5 in Polearms
   464 | D:2      | Reached XP level 3. HP: 29/29 MP: 3/3
   509 | D:3      | XOM: noise
   540 | D:5      | Entered Level 5 of the Dungeon
   586 | D:3      | Noticed Sigmund
   589 | D:3      | XOM: potion effect (might)
   594 | D:3      | XOM: enchant monster (good)
   607 | D:3      | Killed Sigmund
   607 | D:3      | Reached skill level 7 in Polearms
   607 | D:3      | Reached skill level 5 in Dodging
   607 | D:3      | Reached XP level 4. HP: 10/35 MP: 4/4
   607 | D:3      | Reached XP level 5. HP: 11/41 MP: 5/5
   614 | D:3      | XOM: divination: magic mapping
   693 | D:4      | Reached XP level 6. HP: 30/47 MP: 6/6
   728 | D:4      | XOM: harmless Air miscast
   803 | D:4      | Reached skill level 8 in Polearms
   831 | D:4      | Noticed Mlkhall's ghost (amateur DsNe)
   839 | D:4      | XOM: harmless Conj miscast
   884 | D:4      | HP: 2/47 [something/nerve-wracking pain (13)]
   889 | D:4      | HP: 3/70 [something (9)]
   893 | D:4      | Slain by Mlkhall's ghost

Skill      XL: |  1  2  3  4  5  6 |
---------------+-------------------+-----
Dodging        | 3 5 |  5.2
Polearms       | 5 7 8 |  8.1
Fighting       | |  3.5
Armour         | |  0.8

Action                   |  1- 3 |  4- 6 || total
-------------------------+-------+-------++-------
Melee: Spear             |    54 |    64 ||   118
  Use: Scroll            |     3 |     1 ||     4
       Potion            |     1 |     2 ||     3
 Stab: Sleeping          |     1 |     1 ||     2
       Paralysed         |     1 |       ||     1
Armor: Leather armour    |     6 |    10 ||    16
Dodge: Dodged            |    23 |    14 ||    37

Table legend:
 A = Turns spent in this place as a percentage of turns spent in the entire game.
 B = Non-inter-level travel turns spent in this place as a percentage of non-inter-level travel turns spent in the entire game.
 C = Inter-level travel turns spent in this place as a percentage of turns spent in this place.
 D = Turns resting spent in this place as a percentage of non-inter-level travel turns spent in this place.
 E = Turns spent auto-exploring this place as a percentage of non-inter-level travel turns spent in this place.
 F = Non-inter-level travel turns spent in this place divided by the number of levels of this place that you've seen.
                   A       B       C       D       E      F
               +-------+-------+-------+-------+-------+----------------------
         Total | 100.0 | 100.0 |   0.2 |   0.0 |   7.1 |  95.8
       Dungeon | 100.0 | 100.0 |   0.2 |   0.0 |   7.1 |  95.8
               +-------+-------+-------+-------+-------+----------------------

Table legend:
 A = Kills in this place as a percentage of kills in entire the game.
 B = Kills by you in this place as a percentage of kills by you in the entire game.
 C = Kills by friends in this place as a percentage of kills by friends in the entire game.
 D = Other kills in this place as a percentage of other kills in the entire game.
 E = Experience gained in this place as a percentage of experience gained in the entire game.
 F = Experience gained in this place divided by the number of levels of this place that you have seen.
                   A       B       C       D       E      F
               +-------+-------+-------+-------+-------+----------------------
         Total | 100.0 | 100.0 |  -nan |  -nan | 100.0 |  76.2
       Dungeon | 100.0 | 100.0 |  -nan |  -nan | 100.0 |  76.2
               +-------+-------+-------+-------+-------+----------------------

Vault maps used:
D:1:      erik_arrival_cave_to_civilisation
D:2:      uniq_jessica
D:3:      lemuel_castle_with_subvaults, minivault_23, uniq_sigmund, uniq_terence
D:4:      minmay_temple_entry_mist, uniq_ijyb
D:5:      nicolae_overflow_crystal_walls, grunt_temple_overflow_open,
          basic_altar, serial_shops, shop, first_bread, uniq_prince_ribbit1,
          uniq_blork_the_orc, uniq_eustachio

Action                   |  1- 3 |  4- 6 || total
-------------------------+-------+-------++-------
Melee: Spear             |    54 |    64 ||   118
  Use: Scroll            |     3 |     1 ||     4
       Potion            |     1 |     2 ||     3
 Stab: Sleeping          |     1 |     1 ||     2
       Paralysed         |     1 |       ||     1
Armor: Leather armour    |     6 |    10 ||    16
Dodge: Dodged            |    23 |    14 ||    37
